 Dungeon Sprint DCSS version 0.21.0-3-g78d12a8 (webtiles) character file.

581 wojtek the Cleaver (level 7, -2/70 HPs)
             Began as a Minotaur Berserker on Jan 13, 2018.
             Was a High Priest of Trog.
             Slain by a human (6 damage)
             ... in the Dungeon (Sprint III: "The Ten Rune Challenge").
             The game lasted 00:01:19 (841 turns).

wojtek the Cleaver (Minotaur Berserker)              Turns: 841, Time: 00:01:20

Health: -2/70      AC:  2    Str: 24    XL:     7   Next: 14%
Magic:  6/6        EV: 15    Int:  4    God:    Trog [*****.]
Gold:   0          SH:  0    Dex:  9    Spells: 6/6 levels left

rFire    . . .     SeeInvis .   a - +0 hand axe
rCold    . . .     Gourm    .   (no shield)
rNeg     . . .     Faith    .   b - +0 animal skin
rPois    .         Spirit   .   (helmet restricted)
rElec    .         Reflect  .   (no cloak)
rCorr    .         Harm     .   (no gloves)
MR       .....     NoTele   +   (no boots)
Stlth    +.........             (no amulet)
HPRegen  0.21/turn              (no ring)
MPRegen  0.10/turn              (no ring)

@: berserk cooldown, slowed, very slow
A: retaliatory headbutt, horns 2
a: Berserk, Trog's Hand, Brothers in Arms, Burn Spellbooks, Renounce Religion


You were in the Dungeon.
You worshipped Trog.
Trog was extremely pleased with you.
You were hungry.

You visited 1 branch

Inventory:

Hand Weapons
 a - a +0 hand axe (weapon)
Armour
 b - a +0 animal skin (worn)
Scrolls
 i - a scroll of blinking
 l - a scroll of remove curse {unknown}
Potions
 d - a potion of curing
 e - 2 potions of heal wounds
 f - a potion of haste
 g - 3 potions of magic
 h - a potion of berserk rage
 k - a potion of lignification {unknown}
Comestibles
 c - a ration


   Skills:
 + Level 9.1 Fighting
 * Level 12.0 Axes
 + Level 8.6 Armour
 + Level 7.9 Dodging


You had 6 spell levels left.
You didn't know any spells.

Dungeon Overview and Level Annotations

Branches:
Dungeon (1/1)

Altars:
Elyvilon
Kikubaaqudgha
Okawaru
Sif Muna
Trog
Uskayaw
Vehumet
Wu Jian
Zin
The Shining One
Beogh


Innate Abilities, Weirdness & Mutations

You reflexively headbutt those who attack you in melee.
You have a pair of horns on your head.


Message History

You hit the human but do no damage. The human hits you!
The human drinks a potion.
The human seems to grow stronger.
The human closely misses you.
You are too injured to fight recklessly!
Unknown command.
You are too injured to fight recklessly!
You are too injured to fight recklessly!
Unknown command.
You hit the human but do no damage. You headbutt the human.
The human is heavily wounded.
You hit the human. The human hits you! The human hits you.
* * * LOW HITPOINT WARNING * * *
Unknown command.
You closely miss the human.
The human is heavily wounded.
You hit the human. The human closely misses you. You furiously retaliate!
You headbutt the human! The human hits you!
* * * LOW HITPOINT WARNING * * *
The human hits you.
You die...

▓▓▓▓▓ ▓▓▓ ....♣ ♣
♣.######### ....♣.♣
♣.#___#___# ....♣.♣
♣♣.#.).#pp)#
....≈♣♣♣♣..###'#@###+##
...≈≈.♣♣...#..........#
..≈≈≈≈.♣.♣.'.⌠........#
..≈≈≈≈≈≈♣♣.#...######+#
.≈≈≈≈≈≈....#.⌠.#
.≈≈≈≈≈.....#...#
.≈≈≈.......#)###
...........#)..#
...........#___#


You could see 2 humans.

Vanquished Creatures
  A deep elf mage (D)
  A water elemental (D)
  A scorpion (D)
  A wizard (D)
  Jessica (D)
  A human (D)
  A kobold demonologist (D)
  An ooze (D)
  2 rats (D)
10 creatures vanquished.

Vanquished Creatures (others)
  2 draconian scorchers (D)
  6 hellions (D)
  2 yaktaurs (D)
10 creatures vanquished.

Grand Total: 20 creatures vanquished

Notes
Turn   | Place    | Note
-------+----------+-------------------------------------------
     0 | D        | wojtek the Minotaur Berserker began the quest for the Orb.
     0 | D        | Reached XP level 1. HP: 19/19 MP: 0/0
     4 | D        | Reached skill level 4 in Axes
    35 | D        | Noticed Jessica
    36 | D        | Reached ** piety under Trog
    39 | D        | Killed Jessica
    39 | D        | Reached skill level 5 in Axes
    39 | D        | Reached XP level 2. HP: 18/28 MP: 1/1
    39 | D        | Reached XP level 3. HP: 23/35 MP: 2/2
   105 | D        | Killed a hellion
   106 | D        | Killed a hellion
   107 | D        | Killed a hellion
   107 | D        | Killed a hellion
   157 | D        | Killed a white draconian scorcher
   159 | D        | Noticed a scorpion
   164 | D        | Killed a hellion
   173 | D        | Killed a scorpion
   173 | D        | Reached skill level 5 in Fighting
   173 | D        | Reached skill level 7 in Axes
   173 | D        | Reached XP level 4. HP: 32/44 MP: 3/3
   191 | D        | Killed a hellion
   241 | D        | Killed a white draconian scorcher
   369 | D        | Reached *** piety under Trog
   369 | D        | Reached skill level 5 in Armour
   475 | D        | Killed a yaktaur
   499 | D        | Noticed a water elemental
   508 | D        | Killed a water elemental
   508 | D        | Reached skill level 8 in Axes
   508 | D        | Reached skill level 5 in Dodging
   508 | D        | Reached XP level 5. HP: 11/51 MP: 4/4
   566 | D        | Killed a yaktaur
   773 | D        | Found a radiant altar of Vehumet.
   773 | D        | Found a deep blue altar of Sif Muna.
   773 | D        | Found an ancient bone altar of Kikubaaqudgha.
   775 | D        | Noticed a red devil
   776 | D        | Reached skill level 9 in Axes
   779 | D        | Reached **** piety under Trog
   788 | D        | Reached ***** piety under Trog
   825 | D        | Found a glowing silver altar of Zin.
   826 | D        | Found a glowing golden altar of the Shining One.
   826 | D        | Found a white marble altar of Elyvilon.
   826 | D        | Noticed a deep elf mage
   830 | D        | Killed a deep elf mage
   830 | D        | Reached skill level 12 in Axes
   830 | D        | Reached XP level 6. HP: 63/63 MP: 5/5
   830 | D        | Reached XP level 7. HP: 70/70 MP: 6/6
   835 | D        | Found a hide-covered altar of Uskayaw.
   835 | D        | Found a roughly hewn altar of Beogh.
   835 | D        | Found an iron altar of Okawaru.
   835 | D        | Found a bloodstained altar of Trog.
   835 | D        | Found an ornate altar of the Wu Jian Council.
   835 | D        | Noticed a human
   835 | D        | Noticed a human
   841 | D        | Slain by a human

Skill      XL: |  1  2  3  4  5 |
---------------+----------------+-----
Fighting       | 4 5 6 9 |  9.1
Axes           | 5 7 8 12 | 12.0
Armour         | 4 6 8 |  8.6
Dodging        | 3 4 5 7 |  7.9

Action                   |  1- 3 |  4- 6 |  7- 9 || total
-------------------------+-------+-------+-------++-------
Melee: Hand axe          |    11 |    21 |     5 ||    37
       Headbutt          |     2 |     4 |     1 ||     7
Invok: Berserk           |       |     3 |       ||     3
       Burn Spellbooks   |       |     1 |       ||     1
  Eat: Chunk             |       |     2 |       ||     2
Armor: Animal skin       |       |     1 |       ||     1
Dodge: Dodged            |     5 |    10 |     3 ||    18
